 Dungeon Crawl Stone Soup version 0.21-a0-630-g344d351 (webtiles) character file.

12613 KristoblXynda the Covert (level 11, -4/65 HPs)
             Began as a Spriggan Skald on Dec 26, 2017.
             Was a High Priest of Nemelex Xobeh.
             Killed by divine providence
             ... invoked by an orc priest
              (14 damage)
             ... on level 11 of the Dungeon.
             The game lasted 00:37:13 (12495 turns).

KristoblXynda the Covert (Spriggan Skald)          Turns: 12495, Time: 00:37:13

Health: -4/65      AC:  3    Str:  8    XL:     11   Next: 64%
Magic:  26/26      EV: 26    Int: 17    God:    Nemelex Xobeh [*****.]
Gold:   725        SH:  7    Dex: 18    Spells: 23/30 levels left

rFire    + . .     SeeInvis +   i - +3 short sword (venom)
rCold    . . .     Gourm    .   h - +0 buckler
rNeg     . . .     Faith    .   b - +0 robe
rPois    +         Spirit   .   (helmet restricted)
rElec    .         Reflect  .   l - +0 cloak
rCorr    .         Harm     .   (gloves unavailable)
MR       ++...                  (boots unavailable)
Stlth    +++++.....             s - amulet of Vitality {Regen+ HP+15}
HPRegen  0.60/turn              u - ring of poison resistance
MPRegen  0.20/turn              N - ring of the Sky {rF+ MR+ Dex+2}

@: very quick
A: very small, unfitting armour, see invisible, herbivore, speed 3, slow
metabolism 2
a: Triple Draw, Deal Four, Stack Five, Renounce Religion


You were on level 11 of the Dungeon.
You worshipped Nemelex Xobeh.
Nemelex Xobeh was extremely pleased with you.
You were not hungry.

You visited 2 branches of the dungeon, and saw 12 of its levels.

You collected 725 gold pieces.

Inventory:

Hand Weapons
 i - a +3 short sword of venom (weapon)
 o - a +0 blowgun
 M - a +2 short sword of draining
Missiles
 p - 4 curare-tipped needles
 q - 39 poisoned needles
 C - a throwing net (quivered)
Armour
 b - a +0 robe (worn)
 h - a +0 buckler (worn)
 l - a +0 cloak (worn)
Jewellery
 g - an uncursed ring of flight
 s - the amulet of Vitality (around neck) {Regen+ HP+15}
   (You found it on level 4 of the Dungeon)

   [amulet of regeneration]

   It affects your health (+15).
   It increases your rate of regeneration.
 t - a +4 ring of intelligence
 u - a ring of poison resistance (left hand)
 N - the ring of the Sky (right hand) {rF+ MR+ Dex+2}
   (You found it on level 9 of the Dungeon)

   [ring of protection from magic]

   It affects your dexterity (+2).
   It protects you from fire.
   It affects your resistance to hostile enchantments.
 R - the ring of Qiephia {Wiz +Blink}
   (You found it on level 11 of the Dungeon)

   [ring of wizardry]

   It improves your spell success rate.
   It lets you blink.
Wands
 r - a wand of iceblast (2)
 B - a wand of acid (7)
 P - a wand of random effects (40)
Scrolls
 a - 6 scrolls of remove curse
 k - 3 scrolls of amnesia
 m - 6 scrolls of teleportation
 w - a scroll of immolation
Potions
 e - 3 potions of agility
 f - 4 potions of heal wounds
 j - 3 potions of curing
 n - 2 potions of flight
 x - 2 potions of brilliance
 z - a potion of berserk rage
 J - a potion of mutation
 K - a potion of might
 L - a potion of haste
 O - a potion of magic
Books
 c - a book of Battle

   Spells                             Type                      Level
   a - Infusion                       Charms                       1
   b - Shroud of Golubria             Charms/Translocation         2
   c - Song of Slaying                Charms                       2
   d - Spectral Weapon                Hexes/Charms                 3
   e - Regeneration                   Charms/Necromancy            3
 H - a book of Cantrips

   Spells                             Type                      Level
   a - Confusing Touch                Hexes                        1
   b - Animate Skeleton               Necromancy                   1
   c - Summon Small Mammal            Summoning                    1
   d - Apportation                    Translocation                1
Miscellaneous
 v - a plain deck of summoning {drawn: 6}
 y - a plain deck of destruction
 A - a plain deck of summoning
 D - a plain deck of summoning
 E - an ornate deck of escape
 F - a plain deck of summoning
 G - an ornate deck of escape
 I - an ornate deck of destruction
 Q - a plain deck of summoning
 S - a plain deck of summoning
Comestibles
 d - 21 rations


   Skills:
 - Level 2.2 Fighting
 - Level 6.0 Short Blades
 + Level 3.9 Throwing
 - Level 10.2 Dodging
 - Level 10.3 Stealth
 + Level 3.2 Shields
 - Level 10.0 Spellcasting
 - Level 10.0 Charms
 + Level 6.3 Invocations
 + Level 9.1 Evocations


You had 23 spell levels left.
You knew the following spells:

 Your Spells              Type           Power        Failure   Level  Hunger
a - Infusion              Chrm           ####         1%          1    None
b - Regeneration          Chrm/Necr      ####......   4%          3    None
c - Spectral Weapon       Hex/Chrm       ####....     4%          3    None


Dungeon Overview and Level Annotations

Branches:
Dungeon (11/15)            Temple (1/1) D:6            Lair (0/6) D:11
    Orc (0/2) D:11

Altars:
Ashenzari
Cheibriados
Dithmenos
Elyvilon
Fedhas
Gozag
Hepliaklqana
Kikubaaqudgha
Makhleb
Nemelex Xobeh
Okawaru
Qazlal
Ru
Sif Muna
Trog
Uskayaw
Vehumet
Wu Jian
Xom
Yredelemnul
Zin
The Shining One
Beogh

Annotations:
D:7 2 transporters


Innate Abilities, Weirdness & Mutations

You are very small and have problems with some larger weapons.
You are too small for most types of armour.
You have supernaturally acute eyesight. (SInv)
You are a herbivore.
You cover ground extremely quickly.
You need consume almost no food.


Message History

The orc knight roars a battlecry!
The orcs go into a battle-frenzy!
You block the orc's attack.
The orc priest looks satisfied for a moment.
You hear a shout!
An orc and 2 orc warriors come into view.
Okay, then.
You barely miss the orc.
The orc is almost dead.
The orc warrior hits you from afar with a trident!!
The orc priest calls down the wrath of Beogh upon you.
Beogh smites you!
You hear a shout! x2
The orc priest mumbles some strange prayers to Beogh against you.
Beogh smites you!
* * * LOW HITPOINT WARNING * * *
The orc priest calls down the wrath of Beogh upon you.
Beogh smites you!
You die...
Your body glows with a rainbow of weird colours and disappears.

.##########..#
#..< .# ##.## ##..
.# #..# #.. ##
##.## ##. #..#
####. ##.## #....
#..# #.### ##.##
#.... #.@## ##....
##..# #...†# #o.#
#..#.# #..8oo...
#..#.#
#..ooo...####....#
#
#..8oo⌠..#.....#..
#
#..#oo...#...#.#.#
#
#..#oo...#...(....
#
#..#8ooo>###.#....


You could see an orc knight, 3 orc warriors, 2 orc priests and 3 orcs.

Vanquished Creatures
  2 centaur warriors (D:9)
  4 two-headed ogres
  An ugly thing (D:11)
  A gargoyle (D:10)
  A troll (D:10)
  3 hippogriffs
  9 yaks
  A hungry ghost (D:7)
  A human (D:10)
  Edmund (D:6)
  A soldier ant (D:11)
  A water moccasin (D:8)
  An ice beast (D:5)
  3 orc warriors
  A black bear (D:8)
  4 phantoms
  3 sky beasts
  6 ogres
  4 centaurs
  4 big kobolds
  8 bullfrogs
  A jelly (D:9)
  A scorpion (D:11)
  2 wights (D:9)
  A howler monkey (D:8)
  3 crimson imps
  A centaur skeleton (D:11)
  6 hounds
  6 orc priests
  3 iguanas (D:9)
  6 orc wizards
  7 worker ants
  Ijyb (D:4)
  A hound skeleton (D:11)
  14 adders
  2 shadow imps
  2 adder skeletons
  3 worms
  2 dart slugs
  6 leopard geckos
  20 orcs
  A giant cockroach (D:4)
  12 goblins
  10 hobgoblins
  17 jackals
  28 kobolds
  7 quokkas
  A ball python (D:1)
  8 bats
  2 frilled lizards (D:1)
  A leopard gecko zombie (D:8)
  6 rats
241 creatures vanquished.

Vanquished Creatures (collateral kills)
  An ugly thing (D:11)
  A gargoyle (D:11)
  7 yaks (D:10)
  A hungry ghost (D:10)
  An orc warrior (D:8)
  2 ogres
  2 wights (D:9)
  2 orc wizards
  A shadow imp (D:7)
  2 orcs (D:7)
  3 goblins (D:4)
  2 jackals (D:4)
25 creatures vanquished.

Vanquished Creatures (others)
  2 orcs (D:8)
2 creatures vanquished.

Grand Total: 268 creatures vanquished

Notes
Turn   | Place    | Note
-------+----------+-------------------------------------------
     0 | D:1      | KristoblXynda the Spriggan Skald began the quest for the Orb.
     0 | D:1      | Reached XP level 1. HP: 10/10 MP: 5/5
    67 | D:1      | Reached XP level 2. HP: 14/14 MP: 1/6
   387 | D:1      | Reached skill level 5 in Charms
   719 | D:1      | Reached XP level 3. HP: 16/18 MP: 8/8
   724 | D:1      | Learned a level 3 spell: Regeneration
   728 | D:1      | Learned a level 3 spell: Spectral Weapon
  1283 | D:2      | Reached skill level 1 in Stealth
  1785 | D:2      | Reached XP level 4. HP: 11/22 MP: 4/9
  2309 | D:3      | Found a sacrificial altar of Ru.
  2831 | D:3      | Found a sparkling altar of Nemelex Xobeh.
  3100 | D:3      | Became a worshipper of Nemelex Xobeh the Trickster
  3212 | D:3      | Found a bloodstained altar of Trog.
  3330 | D:3      | Reached XP level 5. HP: 19/25 MP: 11/11
  3776 | D:4      | Found the amulet of Vitality {Regen+ HP+15}
  3784 | D:4      | Received a gift from Nemelex Xobeh
  3864 | D:4      | Found an ancient bone altar of Kikubaaqudgha.
  3992 | D:4      | Reached * piety under Nemelex Xobeh
  3992 | D:4      | Received a gift from Nemelex Xobeh
  4134 | D:4      | Reached XP level 6. HP: 30/30 MP: 13/13
  4475 | D:4      | Noticed Ijyb
  4483 | D:4      | Killed Ijyb
  4810 | D:5      | Entered Level 5 of the Dungeon
  4852 | D:5      | Reached skill level 5 in Stealth
  4890 | D:5      | Reached XP level 7. HP: 33/33 MP: 15/15
  5113 | D:5      | Found a shimmering altar of Xom.
  5124 | D:5      | Reached skill level 5 in Short Blades
  5124 | D:5      | Reached skill level 5 in Spellcasting
  5896 | D:6      | Noticed Edmund
  5898 | D:6      | Found a shadowy altar of Dithmenos.
  5909 | D:6      | Killed Edmund
  5928 | D:6      | Reached XP level 8. HP: 37/37 MP: 17/17
  6234 | D:6      | Found a staircase to the Ecumenical Temple.
  6244 | Temple   | Entered the Ecumenical Temple
  6253 | Temple   | Received a gift from Nemelex Xobeh
  6255 | Temple   | Reached ** piety under Nemelex Xobeh
  6672 | D:7      | Received a gift from Nemelex Xobeh
  7105 | D:7      | Reached skill level 5 in Dodging
  7121 | D:7      | Found a blossoming altar of Fedhas.
  7232 | D:7      | Found a burning altar of Makhleb.
  7279 | D:7      | Found a radiant altar of Vehumet.
  7348 | D:7      | Received a gift from Nemelex Xobeh
  7478 | D:7      | Reached XP level 9. HP: 41/41 MP: 20/20
  7567 | D:7      | Found a transporter.
  7570 | D:7      | Noticed a kobold demonologist
  7577 | D:7      | Found a transporter.
  7584 | D:7      | Noticed a kobold demonologist
  7793 | D:8      | Reached *** piety under Nemelex Xobeh
  7845 | D:8      | Received a gift from Nemelex Xobeh
  8006 | D:8      | Reached skill level 10 in Charms
  8158 | D:8      | Noticed a two-headed ogre
  8193 | D:8      | Killed a two-headed ogre
  8193 | D:8      | Reached skill level 10 in Stealth
  8413 | D:8      | Received a gift from Nemelex Xobeh
  8440 | D:8      | Found a basalt altar of Yredelemnul.
  8443 | D:8      | Found an iron altar of Okawaru.
  8446 | D:8      | Found a snail-covered altar of Cheibriados.
  8569 | D:8      | Reached skill level 1 in Invocations
  8882 | D:9      | Received a gift from Nemelex Xobeh
  9004 | D:9      | Found a glowing golden altar of the Shining One.
  9030 | D:9      | Reached **** piety under Nemelex Xobeh
  9085 | D:9      | Reached XP level 10. HP: 46/46 MP: 23/23
  9453 | D:9      | Noticed a two-headed ogre
  9465 | D:9      | Killed a two-headed ogre
  9465 | D:9      | Reached skill level 5 in Evocations
  9480 | D:9      | Found an opulent altar of Gozag.
  9640 | D:9      | Found a transporter.
  9865 | D:9      | Found a transporter.
  9879 | D:9      | Noticed a centaur warrior
  9879 | D:9      | Noticed a centaur warrior
 10068 | D:9      | Killed a centaur warrior
 10151 | D:9      | Killed a centaur warrior
 10151 | D:9      | Reached skill level 10 in Dodging
 10151 | D:9      | Reached skill level 10 in Spellcasting
 10206 | D:9      | Got a pitted amber ring
 10220 | D:9      | Identified the ring of the Sky {rF+ MR+ Dex+2} (You found it on level 9 of the Dungeon)
 10259 | D:10     | Entered Level 10 of the Dungeon
 10327 | D:10     | Received a gift from Nemelex Xobeh
 10347 | D:10     | Noticed a two-headed ogre
 10421 | D:10     | Killed a two-headed ogre
 10421 | D:10     | Reached skill level 1 in Shields
 10496 | D:10     | Reached ***** piety under Nemelex Xobeh
 10504 | D:10     | Found a runed door.
 10581 | D:10     | Found a basalt altar of Yredelemnul.
 10596 | D:10     | Reached XP level 11. HP: 50/50 MP: 26/26
 10679 | D:10     | Reached skill level 1 in Throwing
 10737 | D:10     | Reached skill level 5 in Invocations
 11284 | D:10     | Received a gift from Nemelex Xobeh
 11718 | D:11     | Noticed a green ugly thing
 11748 | D:11     | Killed a green ugly thing
 12039 | D:11     | Got a transparent lead ring
 12174 | D:11     | Received a gift from Nemelex Xobeh
 12178 | D:11     | Noticed a brown ugly thing
 12190 | D:11     | Killed a brown ugly thing
 12194 | D:11     | Found a staircase to the Lair.
 12307 | D:11     | Noticed a two-headed ogre
 12360 | D:11     | Identified the ring of Qiephia {Wiz +Blink} (You found it on level 11 of the Dungeon)
 12361 | D:11     | Killed a two-headed ogre
 12489 | D:11     | Found a roughly hewn altar of Beogh.
 12489 | D:11     | Found a staircase to the Orcish Mines.
 12489 | D:11     | Noticed an orc knight
 12495 | D:11     | Killed from afar by an orc priest

Vault maps used:
D:1:      elethiomel_arrival_infinity_welcomes_careful_drivers,
          hangedman_feature_mirror
D:3:      nicolae_overflow_crystal_walls, old_standard_altar,
          trog_three_pillars_becter
D:4:      kennysheep_goblin_castle, kiku_gazebo_garden_becter, first_ration
D:5:      lemuel_round_altar, item_on_display_a
D:6:      nicolae_dithmenos_shadow_blocks, minmay_temple_entry_junction,
          uniq_edmund
D:7:      gammafunk_wand_slinger, lemuel_doored_altar, marbit_many_paths,
          fedhas_bush_and_centaur_altar, st_stairs_9, grunt_ogre_cave
D:8:      minitemple, grunt_ministairs_15
D:9:      gammafunk_the_bubble, grunt_gozag_breadcrumbs, tso_metal_star
D:10:     dk_yredelemnul_ordeal
D:11:     lair_entry_dummy, david_orc_5
Temple:   compressed_dpeg_circular_temple

Skill      XL: |  1  2  3  4  5  6  7  8  9 10 11 |
---------------+----------------------------------+-----
Dodging        | 4 6 8 10 | 10.2
Charms         | 5 6 8 9 10 | 10.0
Short Blades   | 3 4 5 6 |  6.0
Stealth        | 1 2 3 5 6 8 10 | 10.3
Spellcasting   | 3 4 5 7 8 10 | 10.0
Evocations     | 4 7 9 |  9.1
Invocations    | 1 4 6 |  6.3
Fighting       | 2 |  2.2
Shields        | 1 3 |  3.2
Throwing       | 3 |  3.9

Action                   |  1- 3 |  4- 6 |  7- 9 | 10-12 || total
-------------------------+-------+-------+-------+-------++-------
Melee: Short sword       |   144 |   158 |   326 |   366 ||   994
 Fire: Blowgun           |       |     2 |    14 |    17 ||    33
Throw: Throwing net      |       |       |       |     1 ||     1
 Cast: Infusion          |    14 |     1 |       |       ||    15
       Regeneration      |       |     2 |       |     4 ||     6
Evoke: Deck              |       |     2 |     5 |     6 ||    13
       Wand              |       |       |     7 |     3 ||    10
  Use: Scroll            |     3 |     5 |    12 |     7 ||    27
       Potion            |     1 |       |       |     3 ||     4
 Stab: Sleeping          |       |     6 |    16 |    16 ||    38
       Distracted        |       |     1 |       |     2 ||     3
  Eat: Ration            |     1 |       |     3 |     2 ||     6
Armor: Robe              |    15 |    16 |    13 |     5 ||    49
       Skin              |       |       |       |    18 ||    18
Dodge: Dodged            |   126 |   131 |   220 |   233 ||   710
Block: Buckler           |       |       |       |    34 ||    34

Table legend:
 A = Spawn XP
 B = Non-spawn XP
 C = Spawn XP percentage of total XP
 D = Spawn monster count
 E = Non-spawn monster count
 F = Spawn count percentage of total count
 G = Total turns spent on level
                    A         B        C        D         E        F      G
               +---------+---------+-------+---------+---------+-------+---------
         Total |       0 |   18019 |   0.0 |       0 |     268 |   0.0 | 12495
               +---------+---------+-------+---------+---------+-------+---------
           D:1 |       0 |      56 |   0.0 |       0 |      31 |   0.0 |  1111
           D:2 |       0 |      74 |   0.0 |       0 |      21 |   0.0 |  1145
           D:3 |       0 |      81 |   0.0 |       0 |      21 |   0.0 |  1518
           D:4 |       0 |     365 |   0.0 |       0 |      27 |   0.0 |  1036
           D:5 |       0 |     603 |   0.0 |       0 |      14 |   0.0 |  1034
           D:6 |       0 |     436 |   0.0 |       0 |       9 |   0.0 |   697
           D:7 |       0 |    1469 |   0.0 |       0 |      20 |   0.0 |  1090
           D:8 |       0 |    2248 |   0.0 |       0 |      45 |   0.0 |  1138
           D:9 |       0 |    4113 |   0.0 |       0 |      33 |   0.0 |  1377
          D:10 |       0 |    4580 |   0.0 |       0 |      28 |   0.0 |  1365
          D:11 |       0 |    3994 |   0.0 |       0 |      19 |   0.0 |   871
               +---------+---------+-------+---------+---------+-------+---------
